Match 36278913
Unlisted

Match 36278913
End
Pioneer Squad
Construct Infanterie Kompanie
MG 42 Machine Gun Team
MG 42 Machine Gun Team
GrW 34 Mortar Team
GrW 34 Mortar Team
Construct Luftwaffe Kompanie
MG 42 Bunker
Jäger Squad
Selects Italian Coastal Battlegroup
Selects Support Bunkers
Selects Coastal Reserves
Support Elements
Coastal Reserve
Wirbelwind Flakpanzer
Wirbelwind Flakpanzer
Selects Designated Artillery Overwatch
Repair Bunker
Selects Bulwark
Medical Bunker
Designated Artillery Overwatch
Wirbelwind Flakpanzer
Medical Bunker
Repair Bunker
Selects Artillery Officer
Selects Coastal Wall
Medical Bunker
Repair Bunker
Coastal Reserve
Wirbelwind Flakpanzer
Coastal Reserve
Anti-tank Bunker
MG 42 Bunker
Designated Artillery Overwatch
Artillery Officer
MG 42 Machine Gun Team
Coastal Reserve
Coastal Reserve
Marder III M Tank Destroyer
应如是
Yaas
冲锋大哥
Trump Blesses America
我的臭脚随莱闻
いきざま
Perplexed
Fank
0
0

Comments sign in to comment!

No comments posted yet!